 Dungeon Crawl Stone Soup version 0.28-a0-793-g31680bbd8b (webtiles) character file.

Game seed: 10104002333205607287

401 bande the Covered (level 6, -1/39 HPs)
             Began as a Gargoyle Fighter on Nov 5, 2021.
             Splashed by a jelly's acid (3 damage)
             ... on level 4 of the Dungeon.
             The game lasted 00:06:28 (4476 turns).

bande the Covered (Gargoyle Fighter)                Turns: 4476, Time: 00:06:28

Health: -1/39      AC: 16    Str: 24    XL:     6   Next: 85%
Magic:  6/6        EV:  7    Int:  8    God:
Gold:   85         SH:  4    Dex:  9    Spells: 5/5 levels left

rFire   . . .      SeeInvis .   a - +0 war axe
rCold   . . .      Faith    .   c - +0 buckler
rNeg    + . .      Spirit   .   i - +0 plate armour
rPois   ∞          Reflect  .   (no helmet)
rElec   +          Harm     .   f - +0 cloak {rPois}
rCorr   .          Rampage  .   h - +1 pair of gloves
Will    .....                   (no boots)
Stlth   ..........              (no amulet)
HPRegen 0.13/turn               (no ring)
MPRegen 0.10/turn               (no ring)

@: corroded, studying Armour
A: sickness immunity, AC +4, negative energy resistance 1, electricity
resistance, torment resistance 1, petrification resistance, hooves 1, strong 1,
wild magic 1
a: no special abilities


You were on level 4 of the Dungeon.
You visited 1 branch of the dungeon, and saw 4 of its levels.

You collected 85 gold pieces.

Inventory:

Hand Weapons
 a - a +0 war axe (weapon)
 o - a +0 flail
Armour
 c - a +0 buckler (worn)
 f - a +0 cloak of poison resistance (worn)
 h - a +1 pair of gloves (worn)
 i - a +0 plate armour (worn)
Jewellery
 l - a ring of fire
 m - a ring of fire
Scrolls
 e - 2 scrolls of blinking
 k - a scroll of fog {unknown}
Potions
 b - a potion of haste
 d - a potion of might
 j - a potion of flight {unknown}


   Skills:
 + Level 4.3 Fighting
 + Level 4.6 Axes
 + Level 5.6 Armour
 + Level 4.2 Shields


You had 5 spell levels left.
You didn't know any spells.
Your spell library contained the following spells:

 Spells                   Type           Power      Damage    Failure   Level
 Petrify                  Tmut/Erth      0%         N/A       100%        4
 Irradiate                Conj/Tmut      0%         3d13      100%        5
 Sublimation of Blood     Necr           Unusable   N/A       N/A         2

Dungeon Overview and Level Annotations

Branches:
Dungeon (4/15)
 Temple: D:4-7

Altars:
Zin

Shops:
D:2 (


Innate Abilities, Weirdness & Mutations

You are immune to sickness and miasma.
Your stone body is resilient. (AC +4)
You are immune to poison.
You resist negative energy. (rN+)
You are resistant to electric shocks. (rElec)
You are resistant to unholy torment.
You are immune to petrification.
You have large cloven feet.
Your muscles are strong. (Str +2)
Your spells are a little harder to cast, but a little more powerful.


Message History

The orc hits you but does no damage.
You slash the orc!
You kill the orc!
An orc comes into view.
It is wielding a +2 flail of holy wrath.
The orc shouts!
You see here a +0 club.
You are too injured to fight recklessly!
You are too injured to fight recklessly!
You hear a distant slurping noise.
The orc hits you with a +2 flail of holy wrath.
* * * LOW HITPOINT WARNING * * *
You barely miss the orc. The orc hits you but does no damage.
You hit the orc but do no damage. Your kick misses the orc.
The orc hits you with a +2 flail of holy wrath.
* * * LOW HITPOINT WARNING * * *
You closely miss the orc. The orc hits you but does no damage. x2
You hit the orc. Your kick misses the orc.
The orc is heavily wounded.
The orc hits you but does no damage.
You closely miss the orc. Your kick misses the orc.
The orc is heavily wounded.
You block the orc's attack.
A jelly comes into view.
The jelly quivers.
You slash the orc!
You kill the orc!
Things that are here:
a +2 flail of holy wrath; a +0 leather armour You hit the jelly.
The acid corrodes you!
Your hands burn!
* * * LOW HITPOINT WARNING * * *
You kick the jelly.
The jelly is lightly wounded.
The jelly hits you but does no damage.
You hit the jelly.
Your hands burn!
* * * LOW HITPOINT WARNING * * *
You kick the jelly, but do no damage.
The jelly is moderately wounded.
The jelly hits you but does no damage.
You hit the jelly but do no damage.
Your hands burn!
You die...

.#.# .#.#### ### ..' ....
.. .. ...# .#. ...#
###'###...+ #. #.#.......#
#.#. #.#J.....+#.#.#.
#.#.@)....#.#.#.##
#.#.#.#.#.#.#.#.#.#
#.#.#.#)#.#.#.#.#.##
#.#.#.#.#.#.#.#.#.#.#
#.#.#.#.#.#)#.#.#.#.#
#.#.#.#.#.#.#.#.#.#.# .
.#.#.#.#.#.#.#.#.#.#+####.
.#.#.#.#.#.#.#†#.#.......
.#.#.#.#.#.#.#†#........


You could see a jelly.

Vanquished Creatures
  A jelly (D:4)
  A howler monkey (D:4)
  A hound (D:4)
  An orc priest (D:4)
  Crazy Yiuf (D:2)
  A gnoll shaman (D:3)
  Terence (D:3)
  7 gnolls
  3 adders
  An ufetubus (D:2)
  An adder skeleton (D:4)
  3 worms
  A dart slug (D:2)
  4 orcs (D:4)
  9 bats
  4 endoplasms
  6 giant cockroaches
  5 goblins
  9 hobgoblins
  4 quokkas
  5 ball pythons
  2 frilled lizards (D:3)
  A kobold (D:3)
  7 rats (D:1)
79 creatures vanquished.

Vanquished Creatures (others)
  2 plants (D:3)
2 creatures vanquished.

Grand Total: 81 creatures vanquished

Notes
Turn   | Place    | Note
-------+----------+-------------------------------------------
     0 | D:1      | bande the Gargoyle Fighter began the quest for the Orb.
     0 | D:1      | Reached XP level 1. HP: 14/14 MP: 1/1
   165 | D:1      | Reached XP level 2. HP: 19/19 MP: 2/2
   482 | D:1      | Reached XP level 3. HP: 23/23 MP: 3/3
  1116 | D:2      | Reached XP level 4. HP: 18/29 MP: 4/4
  1953 | D:2      | Identified a scroll of acquirement
  1953 | D:2      | Acquired a manual of Armour
  2065 | D:2      | Found Cuclaova's Weapon Boutique.
  2138 | D:2      | Found a runed translucent door.
  2139 | D:2      | Noticed Crazy Yiuf
  2185 | D:2      | Reached skill level 4 in Armour
  2185 | D:2      | Reached XP level 5. HP: 31/33 MP: 5/5
  2356 | D:2      | Killed Crazy Yiuf
  2703 | D:3      | Found a glowing silver altar of Zin.
  2817 | D:3      | Noticed Terence
  2833 | D:3      | Killed Terence
  3230 | D:3      | Found a faded altar of an unknown god.
  3539 | D:3      | Reached skill level 5 in Armour
  3539 | D:3      | Reached XP level 6. HP: 6/38 MP: 6/6
  4454 | D:4      | Gained mutation: Your muscles are strong. (Str +2) [potion
                  | of mutation]
  4454 | D:4      | Gained mutation: You have large cloven feet. [potion of
                  | mutation]
  4454 | D:4      | Gained mutation: Your spells are a little harder to cast,
                  | but a little more powerful. [potion of mutation]
  4475 | D:4      | HP: 1/39 [acid (5)]
  4476 | D:4      | Splashed by a jelly's acid

Illustrated notes

Levels and vault maps discovered:
D:1:      dpeg_arrival_snail, layout_basic
D:2:      layout_rooms, serial_shops, nicolae_shop_behind_doors,
          uniq_crazy_yiuf_cottage
D:3:      layout_basic, mainiacjoe_overflow_six_doors_small,
          ebering_ecumenical_altar_box, serial_bayou_pond_a, uniq_terence
D:4:      minmay_wonky_spiral, layout_basic, nicolae_wu_jian_glorious_leap,
          mainiacjoe_overflow_24_doors

Skill      XL: |  1  2  3  4  5  6 |
---------------+-------------------+-----
Axes           | 2 3 4 |  4.6
Shields        | 4 |  4.2
Armour         | 4 5 |  5.6
Fighting       | 4 |  4.3

Action                   |  1- 3 |  4- 6 || total
-------------------------+-------+-------++-------
Melee: War axe           |    92 |   183 ||   275
       Kick              |       |     2 ||     2
  Use: Scroll            |       |     5 ||     5
       Potion            |       |     1 ||     1
Armor: Scale mail        |    63 |    20 ||    83
       Plate armour      |       |   106 ||   106
Dodge: Dodged            |    51 |    49 ||   100
Block: Buckler           |    34 |    25 ||    59

Table legend: (Time is in decaauts)
 A = Elapsed time spent in this place.
 B = Non-inter-level travel time spent in this place.
 C = Inter-level travel time spent in this place.
 D = Time resting spent in this place.
 E = Time spent auto-exploring this place.
 F = Levels seen in this place.
 G = Mean time per level.
                   A        B        C        D        E       F      G
               +--------+--------+--------+--------+--------+-----+--------+
         Total |   4574 |   4506 |     68 |   1769 |   1993 |   4 | 1143.5 |
       Dungeon |   4574 |   4506 |     68 |   1769 |   1993 |   4 | 1143.5 |
               +--------+--------+--------+--------+--------+-----+--------+

Top non-repeatable levels by time:
     D:3: 1577 daAuts
     D:2: 1470 daAuts
     D:1: 1189 daAuts
     D:4: 337 daAuts
